 Dungeon Sprint DCSS version 0.29-a0-322-g68df515428 (webtiles) character file.

Game seed: 1568193015367305034

241 SkeletonJelly the Shield-Bearer (level 6, -2/56 HPs)
             Began as a Gnoll Wanderer on Apr 9, 2022.
             Slain by an ufetubus (3 damage)
             ... in the Dungeon (Sprint IX: "|||||||||||||||||||||||||||||").
             The game lasted 00:01:31 (180 turns).

SkeletonJelly the Shield-Bearer (Gnoll Wanderer)     Turns: 180, Time: 00:01:31

Health: -2/56      AC:  6    Str: 13    XL:     6   Next: 8%
Magic:  10/12      EV: 12    Int:  9    God:
Gold:   0          SH:  6    Dex: 14    Spells: 13/13 levels left

rFire   . . .      SeeInvis .   a - +0 dagger
rCold   . . .      Faith    .   f - +0 buckler {AC+3}
rNeg    . . .      Spirit   .   e - +0 leather armour
rPois   .          Reflect  .   (no helmet)
rElec   .          Harm     .   (no cloak)
rCorr   .          Rampage  .   (no gloves)
Will    .....      NoTele   +   (no boots)
Stlth   ++........              (no amulet)
HPRegen 0.18/turn               (no ring)
MPRegen 0.13/turn               (no ring)

@: no status effects
A: fangs 1, strong nose, distributed training
a: no special abilities


You were in the Dungeon.
You visited 1 branch

Inventory:

Hand Weapons
 a - a +0 dagger (weapon)
Armour
 e - a +0 leather armour (worn)
 f - a +0 buckler of protection (worn)
Scrolls
 l - a scroll of blinking
Potions
 d - a potion of attraction
 g - a potion of curing
 h - a potion of heal wounds
 i - a potion of haste
 j - 2 potions of magic
Miscellaneous
 c - a piece from Xom's chessboard (13/15) (quivered)


   Skills:
 + Level 7.8 Fighting
 + Level 4.1 Short Blades
 + Level 4.1 Long Blades
 + Level 4.1 Axes
 + Level 4.1 Maces & Flails
 + Level 4.1 Polearms
 + Level 4.1 Staves
 + Level 4.1 Slings
 + Level 4.1 Bows
 + Level 4.1 Crossbows
 + Level 4.1 Throwing
 + Level 4.9 Armour
 + Level 4.1 Dodging
 + Level 4.1 Stealth
 + Level 7.8 Shields
 + Level 4.9 Unarmed Combat
 + Level 4.1 Spellcasting
 + Level 3.4 Conjurations
 + Level 3.4 Hexes
 + Level 3.4 Summonings
 + Level 3.4 Necromancy
 + Level 3.4 Translocations
 + Level 3.4 Transmutations
 + Level 3.4 Fire Magic
 + Level 3.4 Ice Magic
 + Level 3.4 Air Magic
 + Level 3.4 Earth Magic
 + Level 3.4 Poison Magic
 + Level 4.5 Invocations
 + Level 6.2 Evocations


You had 13 spell levels left.
You didn't know any spells.
Your spell library was empty.

Dungeon Overview and Level Annotations

Branches:
Dungeon (1/1)

Altars:


Innate Abilities, Weirdness & Mutations

You have very sharp teeth.
Your uncanny sense of smell can sniff out nearby items.
Your experience applies equally to all skills.


Message History

The black bear claws you but does no damage.
You block the black bear's attack.
You hit the black bear but do no damage.
The black bear is almost dead.
The black bear bites you but does no damage.
The black bear claws you but does no damage.
You block the black bear's attack.
You hit the black bear.
The black bear is almost dead.
The black bear bites you but does no damage.
The black bear claws you but does no damage. x2
You hit the black bear.
You kill the black bear!
Your Short Blades skill increases to level 4!
Your Long Blades skill increases to level 4!
Your Axes skill increases to level 4!
Your Maces & Flails skill increases to level 4!
Your Polearms skill increases to level 4!
Your Staves skill increases to level 4!
Your Slings skill increases to level 4!
Your Bows skill increases to level 4!
Your Crossbows skill increases to level 4!
Your Throwing skill increases to level 4!
Your Dodging skill increases to level 4!
Your Stealth skill increases to level 4!
Your Spellcasting skill increases to level 4!
Your Conjurations skill increases to level 3!
Your Hexes skill increases to level 3!
Your Summonings skill increases to level 3!
Your Necromancy skill increases to level 3!
Your Translocations skill increases to level 3!
Your Transmutations skill increases to level 3!
Your Fire Magic skill increases to level 3!
Your Ice Magic skill increases to level 3!
Your Air Magic skill increases to level 3!
Your Earth Magic skill increases to level 3!
Your Poison Magic skill increases to level 3!
Your Invocations skill increases to level 4!
Your Evocations skill increases to level 6!
You have reached level 6!
You regained 2 hp, and now have 9/84 hp.
You make a move on Xom's chessboard...
The ufetubus struggles to resist.
You make a move on Xom's chessboard...
The worm is outlined in light.
The worm bites you but does no damage.
You hit the worm.
The worm is lightly wounded.
You feel less wooden.
Your +0 leather armour unmelds from your body.
You now have 6/56 hp.
You hit the worm but do no damage. You bite the worm.
The worm is lightly wounded.
You block the worm's attack.
You hit the worm but do no damage.
The worm is lightly wounded.
You hit the worm.
The worm is moderately wounded.
The worm bites you but does no damage.
You completely miss the worm. You bite the worm, but do no damage.
The worm is moderately wounded.
You hit the worm.
The worm is heavily wounded.
The worm bites you.
* * * LOW HITPOINT WARNING * * *
You take 1 damage, and have 6/56 hp.
You completely miss the worm.
The worm is moderately wounded.
You hit the worm.
The worm is heavily wounded.
The worm closely misses you.
You hit the worm.
The worm is heavily wounded.
You hit the worm.
The worm is severely wounded.
You hit the worm.
The worm is almost dead.
The worm stops glowing.
The worm bites you.
* * * LOW HITPOINT WARNING * * *
You take 2 damage, and have 4/56 hp.
You hit the worm.
The worm is almost dead.
You hit the worm.
The worm is almost dead.
The worm closely misses you.
You hit the worm. You bite the worm, but do no damage.
The worm is almost dead.
You barely miss the worm. You bite the worm.
You kill the worm!
You barely miss the ufetubus. Your bite misses the ufetubus.
The ufetubus barely misses you. You block the ufetubus's attack.
You closely miss the ufetubus. You bite the ufetubus.
The ufetubus is lightly wounded.
You block the ufetubus's attack. x2
You hit the ufetubus but do no damage.
The ufetubus is lightly wounded.
The ufetubus hits you.
* * * LOW HITPOINT WARNING * * *
You block the ufetubus's attack.
You take 4 damage, and have 1/56 hp.
You miss the ufetubus. The ufetubus barely misses you.
The ufetubus closely misses you. The ufetubus hits you.
You die...

▓▓▓▓▓▓▓▓▓▓▓▓▓▓▓▓▓▓
+.....5@††..†...<▓
▓▓▓▓▓▓▓▓▓▓▓▓▓▓▓▓▓▓
∆∆∆∆∆∆∆∆∆


You could see an ufetubus.

Vanquished Creatures
  A water moccasin (D)
  A black bear (D)
  An iguana (D)
  A worm (D)
  A dart slug (D)
  A bat (D)
  A quokka (D)
  A ball python (D)
  A rat (D)
9 creatures vanquished.

Notes
Turn   | Place    | Note
-------+----------+-------------------------------------------
     0 | D        | SkeletonJelly the Gnoll Wanderer began the quest for the
                  | Orb.
     0 | D        | SkeletonJelly set off with the following items: a +0
                  | dagger, a potion of lignification, a piece from Xom's
                  | chessboard (15/15), a potion of attraction, a +0 leather
                  | armour, a +0 buckler of protection, a potion of curing, a
                  | potion of heal wounds, a potion of haste, 2 potions of
                  | magic, a potion of berserk rage, a scroll of blinking
     0 | D        | Reached XP level 1. HP: 23/23 MP: 1/1
    28 | D        | Reached skill level 1 in Invocations
    35 | D        | Reached skill level 1 in Short Blades
    35 | D        | Reached skill level 1 in Long Blades
    35 | D        | Reached skill level 1 in Axes
    35 | D        | Reached skill level 1 in Maces & Flails
    35 | D        | Reached skill level 1 in Polearms
    35 | D        | Reached skill level 1 in Staves
    35 | D        | Reached skill level 1 in Slings
    35 | D        | Reached skill level 1 in Bows
    35 | D        | Reached skill level 1 in Crossbows
    35 | D        | Reached skill level 1 in Throwing
    35 | D        | Reached skill level 1 in Dodging
    35 | D        | Reached skill level 1 in Stealth
    35 | D        | Reached skill level 1 in Spellcasting
    35 | D        | Reached XP level 2. HP: 23/29 MP: 1/3
   101 | D        | Noticed a black bear
   101 | D        | Noticed a water moccasin
   115 | D        | Killed a water moccasin
   116 | D        | Reached skill level 5 in Evocations
   116 | D        | Reached XP level 3. HP: 19/36 MP: 3/7
   116 | D        | Reached XP level 4. HP: 23/43 MP: 3/8
   116 | D        | Reached XP level 5. HP: 26/48 MP: 3/9
   159 | D        | Killed a black bear
   160 | D        | Reached XP level 6. HP: 9/56 MP: 8/12
   179 | D        | HP: 1/56 [ufetubus (4)]
   180 | D        | Slain by an ufetubus

Illustrated notes

Levels and vault maps discovered:
D:        linesprint [early_d, line_temple, items_1, d_10, items_2, lair_1,
          lair_end, items_3, orc_1, orc_end, items_4, d_15, swamp_1, shoals_1,
          snake_1, spider_1, d_20, vaults_1, items_5, swamp_end, shoals_end,
          snake_end, spider_end, vaults_end, d_27, items_6, zot_1, zot_end,
          crypt_end, forest_end, elf_end, slime_end, tomb_end, abyss_end,
          pan_hell_end]

Skill      XL: |  1  2  3  4  5 |
---------------+----------------+-----
Invocations    | 1 3 4 |  4.5
Short Blades   | 1 3 4 |  4.1
Long Blades    | 1 3 4 |  4.1
Axes           | 1 3 4 |  4.1
Maces & Flails | 1 3 4 |  4.1
Polearms       | 1 3 4 |  4.1
Staves         | 1 3 4 |  4.1
Slings         | 1 3 4 |  4.1
Bows           | 1 3 4 |  4.1
Crossbows      | 1 3 4 |  4.1
Throwing       | 1 3 4 |  4.1
Dodging        | 1 3 4 |  4.1
Stealth        | 1 3 4 |  4.1
Spellcasting   | 1 3 4 |  4.1
Fighting       | 7 |  7.8
Armour         | 4 |  4.9
Shields        | 7 |  7.8
Unarmed Combat | 4 |  4.9
Conjurations   | 2 3 |  3.4
Hexes          | 2 3 |  3.4
Summonings     | 2 3 |  3.4
Necromancy     | 2 3 |  3.4
Translocations | 2 3 |  3.4
Transmutations | 2 3 |  3.4
Fire Magic     | 2 3 |  3.4
Ice Magic      | 2 3 |  3.4
Air Magic      | 2 3 |  3.4
Earth Magic    | 2 3 |  3.4
Poison Magic   | 2 3 |  3.4
Evocations     | 5 6 |  6.2

Action                   |  1- 3 |  4- 6 || total
-------------------------+-------+-------++-------
Melee: Dagger            |    33 |    61 ||    94
       Bite              |     5 |     6 ||    11
Evoke: Piece from Xom's  |     6 |     2 ||     8
  Use: Potion            |     1 |     1 ||     2
Armor: Leather armour    |    14 |     2 ||    16
       Skin              |       |    48 ||    48
Dodge: Dodged            |    18 |    14 ||    32
Block: Buckler           |     8 |    14 ||    22

Table legend: (Time is in decaauts)
 A = Elapsed time spent in this place.
 B = Non-inter-level travel time spent in this place.
 C = Inter-level travel time spent in this place.
 D = Time resting spent in this place.
 E = Time spent auto-exploring this place.
 F = Levels seen in this place.
 G = Mean time per level.
                   A        B        C        D        E       F      G
               +--------+--------+--------+--------+--------+-----+--------+
         Total |    175 |    175 |      0 |      0 |     66 |   1 |  175.0 |
       Dungeon |    175 |    175 |      0 |      0 |     66 |   1 |  175.0 |
               +--------+--------+--------+--------+--------+-----+--------+

Top non-repeatable levels by time:
       D: 175 daAuts
